 Dungeon Crawl Stone Soup version 0.30-b1-2-g02819fbbbe (webtiles) character file.

Game seed: 8436518969531090664

132 Hyawatha the Sneak (level 4, -2/32 HPs)
             Began as a Vampire Conjurer on May 7, 2023.
             Was an Initiate of Makhleb.
             Slain by an orc
             ... wielding a +0 trident
              (7 damage)
             ... on level 4 of the Dungeon.
             The game lasted 00:11:54 (2611 turns).

Hyawatha the Sneak (Vampire Conjurer)               Turns: 2611, Time: 00:11:55

Health: -2/32      AC:  3    Str:  8    XL:     4   Next: 92%
Magic:  7/7        EV: 12    Int: 20    God:    Makhleb [......]
Gold:   157        SH:  0    Dex: 12    Spells: 6/7 levels left

rFire   . . .        h - +4 lajatang (spect)
rCold   . . .        (shield currently unavailable)
rNeg    . . .        a - +0 robe
rPois   .            i - +0 helmet
rElec   .            (no cloak)
rCorr   .            (no gloves)
SInv    +            (no boots)
Will    .....        o - amulet of Boupt {Rampage Regen+}
Stlth   +++          (no ring)
HPRegen 1.25/turn    (no ring)
MPRegen 0.10/turn

%: rampage
@: about to teleport, healing quickly
A: alive, fangs 3, see invisible, vampiric 2
a: Exsanguinate, Renounce Religion


You were on level 4 of the Dungeon.
You worshipped Makhleb.
Makhleb was noncommittal.
You visited 2 branches of the dungeon, and saw 6 of its levels.

You collected 157 gold pieces.

Inventory:

Hand Weapons
 c - a +0 short sword
 h - a +4 spectral lajatang (weapon)
Missiles
 g - 6 boomerangs
Armour
 a - a +0 robe (worn)
 i - a +0 helmet (worn)
Magical Staves
 l - a staff of air
Jewellery
 f - a ring of flight
 o - the amulet of Boupt (around neck) {Rampage Regen+}
   (You acquired it on level 3 of the Dungeon)

   [amulet of regeneration]

   Regen:     It increases your rate of health regeneration.
   Rampage:   It bestows one free step when moving towards enemies.
Scrolls
 d - a scroll of teleportation
 m - 2 scrolls of identify
 n - a scroll of immolation {unknown}
Potions
 b - 3 potions of magic
 e - 3 potions of curing
 j - a potion of might {unknown}
 k - a potion of berserk rage {unknown}
 p - a potion of mutation {unknown}
 q - a potion of heal wounds {unknown}


   Skills:
 * Level 1.4 Fighting
 + Level 1.3 Short Blades
 + Level 1.1 Staves
 * Level 3.1 Dodging
 * Level 4.7 Stealth
 * Level 2.4 Spellcasting
 + Level 3.1 Conjurations


You had 6 spell levels left.
You knew the following spells:

 Your Spells              Type           Power      Damage    Failure   Level
a - Magic Dart            Conj           56%        1d5       4%          1

Your spell library contained the following spells:

 Spells                   Type           Power      Damage    Failure   Level
 Searing Ray              Conj           28%        2d5       6%          2
 Blink                    Tloc           4%         N/A       22%         2
 Dazzling Flash           Conj/Hex       16%        N/A       24%         3
 Fulminant Prism          Conj/Hex       4%         3d5       63%         4
 Iskenderun's Mystic Bla  Conj/Tloc      8%         2d4       63%         4
 Manifold Assault         Tloc           2%         N/A       83%         4
 Storm Form               Tmut/Air       1%         N/A       100%        7


Dungeon Overview and Level Annotations

Branches:
Dungeon (5/15)             Temple (1/1) D:4

Altars:
Cheibriados
Fedhas
Hepliaklqana
Kikubaaqudgha
Makhleb
Nemelex Xobeh
Okawaru
Qazlal
Ru
Sif Muna
Trog
Uskayaw
Vehumet
Xom
Yredelemnul

Annotations:
D:4 exclusion: downstairs, Menkaure, Natasha


Innate Abilities, Weirdness & Mutations

Your natural rate of healing is accelerated.
You have razor-sharp teeth.
You have supernaturally acute eyesight. (SInv)
You are afflicted with vampirism and can become a bat while bloodless.


Message History

Natasha hisses angrily.
You slash the orc!
You kill the orc!
Makhleb accepts your kill.
The orc hits you from afar with a +0 trident.
Natasha mumbles some strange words.
You barely miss the orc.
Your +4 spectral lajatang barely misses the orc.
The orc barely misses you. The orc closely misses you.
You barely miss the orc.
Your +4 spectral lajatang hits the orc!
You kill the orc!
Makhleb accepts your kill.
The orc wizard hits you with a +0 dagger.
The orc misses you. The kobold misses you.
The orc wizard gestures at you while chanting.
The puff of flame hits you! The kobold completely misses you.
The orc hits you from afar with a +0 trident.
You swap places.
Found a ring mail and 4 boomerangs.
Your +4 spectral lajatang disappears.
The cerulean imp hits you but does no damage.
The orc wizard hits you with a +0 dagger.
The orc hits you with a +0 trident. The kobold barely misses you.
Items here: ))) [ †.
You barely miss the kobold.
Your +4 spectral lajatang closely misses the kobold.
The cerulean imp hits you but does no damage.
The orc wizard hits you but does no damage.
The orc hits you with a +0 trident.
* * * LOW HITPOINT WARNING * * *
The kobold hits you with a +0 dagger.
* * * LOW HITPOINT WARNING * * *
As you read the scroll of teleportation, it crumbles to dust.
You feel strangely unstable.
Your +4 spectral lajatang disappears.
The cerulean imp hits you from afar with a +0 spear.
* * * LOW HITPOINT WARNING * * *
The orc wizard hits you with a +0 dagger.
* * * LOW HITPOINT WARNING * * *
The orc hits you with a +0 trident!
You die...

...# .(.# .[..# ....#
############### .....#
..............####h....#
.................o5....#
................@......#
...............oK......#
.......................#
.......................#
.....................$.#
###+######.............#
#............(#
#.............#
#........


You could see an orc wizard (invisible), Natasha, a cerulean imp (summoned), an
orc and a kobold.

Vanquished Creatures
  An iguana (D:4)
  An orc wizard (D:4)
  An adder (D:4)
  A worm (D:2)
  2 dart slugs
  13 orcs
  A ball python (D:3)
  2 bats (D:1)
  4 endoplasms
  5 giant cockroaches
  3 goblins
  3 hobgoblins
  4 jackals (D:2)
  2 frilled lizards
  4 kobolds
  2 rats
49 creatures vanquished.

Notes
Turn   | Place    | Note
-------+----------+-------------------------------------------
     0 | D:1      | Hyawatha the Vampire Conjurer began the quest for the Orb.
     0 | D:1      | Reached XP level 1. HP: 13/13 MP: 3/3
   273 | D:2      | Reached XP level 2. HP: 20/20 MP: 5/5
  1272 | D:2      | Gained mutation: You are afflicted with vampirism and can
                  | become a bat while bloodless. [Vampire growth]
  1272 | D:2      | Reached XP level 3. HP: 4/25 MP: 6/6
  1337 | D:2      | Identified a scroll of acquirement
  1337 | D:2      | Acquired a +4 spectral lajatang
  1646 | D:3      | Found a hide-covered altar of Uskayaw.
  1664 | D:3      | Acquired the amulet of Boupt {Rampage Regen+}
  1674 | D:3      | Found a shimmering blue altar of Sif Muna.
  1734 | D:3      | Found a radiant altar of Vehumet.
  1748 | D:3      | Reached skill level 1 in Short Blades
  1905 | D:3      | Reached skill level 4 in Stealth
  2029 | D:4      | Found a staircase to the Ecumenical Temple.
  2043 | Temple   | Entered the Ecumenical Temple
  2251 | Temple   | Became a worshipper of Makhleb the Destroyer
  2287 | D:4      | Noticed Menkaure
  2305 | D:4      | Reached skill level 1 in Fighting
  2305 | D:4      | Reached XP level 4. HP: 23/32 MP: 7/7
  2353 | D:5      | Entered Level 5 of the Dungeon
  2353 | D:5      | Noticed an ogre
  2404 | D:4      | Reached skill level 1 in Staves
  2605 | D:4      | Noticed Natasha
  2611 | D:4      | Slain by an orc

Illustrated notes

Levels and vault maps discovered:
D:1:      matt_arrival_grand_opening, layout_basic
D:2:      layout_rooms, serial_co_window_serial, co_window_corner_a,
          co_window_of_opportunity_a, co_window_paths_a, co_window_paths_a,
          co_window_paths_a, co_window_of_opportunity_a, co_window_paths_a,
          co_window_unsneaky_path_d, co_window_2corner, co_window_corner_b
D:3:      layout_loops_ring, nicolae_sif_muna_little_library,
          nicolae_vehumet_radiance, mainiacjoe_overflow_paths, kennysheep_boxes
D:4:      layout_gridville, minmay_temple_entry_overgrown, gup_sewer_entry_bowl,
          minmay_close_crescents, uniq_natasha, uniq_menkaure
D:5:      layout_rooms, evilmike_ruin_ashenzari
Temple:   eino_temple_water

Skill      XL: |  1  2  3  4 |
---------------+-------------+-----
Conjurations   | 3 |  3.1
Short Blades   | 1 |  1.3
Stealth        | 4 |  4.7
Fighting       | 1 |  1.4
Staves         | 1 |  1.1
Dodging        | 3 |  3.1
Spellcasting   | |  2.4

Action                     |  1- 3 |  4- 6 || total
---------------------------+-------+-------++-------
  Melee: Short sword       |    93 |       ||    93
         Unarmed           |     5 |       ||     5
         Bite              |    10 |     1 ||    11
         Punch             |     1 |       ||     1
         Lajatang          |    25 |    22 ||    47
    Use: Scroll            |     8 |     1 ||     9
   Stab: Sleeping          |    11 |       ||    11
 Armour: Robe              |    38 |     5 ||    43
  Dodge: Dodged            |    71 |    19 ||    90
